Map: Dusk Towers

Players

capac - Winner!

  • Race: Terran Terran
  • League: Gold

Lasfsuj

  • Race: Protoss Protoss

VOD

Have the link to the VOD?

Description

Time

  • Played on: Feb. 26, 2016, 3:17 p.m.
  • Length: 9:48
Show
View Real Time Build Order
Export as new Build Order

capac Terran - Winner!

Build Orders:  

Get SALT Encoding   

  12  0:01  SCV  
  13  0:13  SCV  
  14  0:19  Supply Depot  
  14  0:25  SCV  
  15  0:41  SCV  
  16  0:43  Barracks  
  16  0:47  Refinery  
  16  0:55  SCV  
  17  1:07  SCV  
  18  1:19  SCV  
  19  1:31  SCV, Barracks Reactor  
  20  1:40  Command Center  
  20  1:55  Supply Depot  
  20  1:57  Orbital Command  
  20  2:10  Marine x2  
  22  2:25  SCV  
  22  2:28  Marine x2  
  25  2:37  SCV  
  26  2:50  Barracks, SCV  
  26  2:51  Factory  
  26  3:02  SCV  
  26  3:03  Marine x2  
  29  3:08  Engineering Bay  
  29  3:15  Orbital Command  
  29  3:19  Refinery  
  29  3:20  SCV  
  29  3:22  Marine x2  
  32  3:33  SCV  
  33  3:38  Starport, Factory Reactor  
  33  3:42  Barracks Tech Lab  
  33  3:49  Marine  
  33  3:50  SCV x2  
  36  3:56  Marine  
  37  4:02  Supply Depot  
  37  4:05  Stimpack  
  37  4:10  Marine  
  37  4:11  Marine  
  39  4:31  Barracks, Marine  
  39  4:32  Marine  
  39  4:34  Medivac x2  
  39  4:37  SCV x2  
  39  4:38  Marine  
  48  4:47  Barracks  
  48  4:49  Supply Depot  
  48  4:51  SCV x2  
  50  4:58  Marine  
  50  4:59  Marine x2  
  53  5:01  Factory Tech Lab  
  53  5:16  Marine x2  
  53  5:17  SCV x2  
  53  5:18  Supply Depot  
  57  5:21  Medivac x2  
  57  5:23  Barracks Reactor  
  57  5:24  Marine  
  62  5:36  Marine x2, SCV x2  
  62  5:42  Marine  
  67  5:45  Supply Depot  
  67  5:54  Marine  
  59  6:24  SCV x2  
  61  6:30  Marine x4  
  61  6:32  Barracks Reactor  
  65  6:33  Medivac  
  65  6:34  Medivac  
  65  6:35  Siege Tank  
  65  6:36  SCV  
  73  6:40  Supply Depot  
  73  6:41  Command Center  
  71  6:48  Supply Depot  
  71  6:55  Engineering Bay  
  71  6:59  Marine  
  71  7:00  Marine x3  
  75  7:05  Missile Turret  
  75  7:07  Terran Infantry Weapons Level 1  
  74  7:14  Missile Turret  
  73  7:18  Missile Turret  
  73  7:19  Marine x3  
  73  7:20  Missile Turret  
  76  7:24  Siege Tank  
  79  7:35  Marine x2, SCV x2  
  79  7:36  Marine x3  
  85  7:37  Terran Infantry Armor Level 1  
  86  7:44  Refinery  
  86  7:48  Refinery  
  86  7:51  Marine x2  
  87  7:52  Missile Turret  
  88  8:09  Siege Tank  
  88  8:10  Marine x5  
  88  8:11  Marine  
  97  8:13  Medivac  
  99  8:22  SCV x2  
  101  8:41  Armory  
  101  8:45  Marine x2, Medivac  
  101  8:46  Marine x5  
  110  8:49  SCV x2  
Show
View Real Time Build Order
Export as new Build Order

Lasfsuj Protoss 

Build Orders:  

Get SALT Encoding   

  12  0:01  Probe (Chrono Boost)  
  13  0:11  Probe (Chrono Boost)  
  14  0:22  Pylon  
  14  0:23  Probe (Chrono Boost)  
  15  0:34  Pylon  
  15  0:40  Probe (Chrono Boost)  
  16  0:48  Gateway  
  16  0:51  Probe (Chrono Boost)  
  17  1:01  Probe (Chrono Boost), Assimilator  
  18  1:11  Gateway  
  18  1:14  Probe (Chrono Boost)  
  19  1:19  Assimilator  
  19  1:34  Probe (Chrono Boost)  
  19  1:37  Cybernetics Core  
  19  1:39  Zealot (Chrono Boost)  
  22  2:04  Probe  
  22  2:05  Zealot (Chrono Boost)  
  25  2:16  Probe  
  25  2:17  Pylon  
  25  2:21  Warp Gate (Chrono Boost)  
  26  2:29  Probe  
  27  2:34  Stalker  
  28  2:41  Probe, Adept  
  31  2:50  Robotics Facility  
  31  3:03  Pylon  
  31  3:21  Probe  
  31  3:23  Nexus  
  32  3:33  Probe  
  33  3:36  Pylon  
  33  3:41  Warp Prism  
  35  3:49  Assimilator  
  35  3:54  Assimilator  
  35  4:05  Gateway  
  35  4:15  Robotics Bay  
  35  4:29  Immortal (Chrono Boost)  
  39  4:35  Probe  
  40  4:40  Probe  
  41  4:46  Probe  
  41  4:52  Probe  
  43  4:57  Gateway  
  43  5:06  Immortal (Chrono Boost)  
  47  5:08  Probe  
  47  5:11  Probe  
  49  5:22  Twilight Council  
  49  5:32  Robotics Facility  
  49  5:40  Observer (Chrono Boost)  
  50  5:46  Adept  
  50  5:47  Adept x2  
  48  6:09  Adept x3  
  48  6:10  Adept  
  44  7:15  Stalker x2  
  46  7:16  Stalker x2  
  46  7:19  Colossus (Chrono Boost)  
  46  7:22  Pylon  
  58  7:25  Pylon  
  63  7:45  Colossus (Chrono Boost)  
  63  7:47  Probe  
  64  7:51  Probe  
  64  7:58  Probe  
  65  8:03  Probe  
  67  8:08  Probe  
  67  8:12  Observer (Chrono Boost)  
  69  8:15  Probe  
  69  8:19  Probe  
  71  8:29  Probe  
  72  8:37  Colossus  
  78  8:41  Pylon  
  78  8:43  Pylon  
  40  9:29  Zealot x2  
  40  9:31  Zealot  
Tags
 
Add a new tag
Caveats
  • Supply blocks, unpowered buildings, or Contaminate may cause inaccurate times.
  • Supply counts are checked every 10 seconds.